 Dungeon Crawl Stone Soup version 0.30.0 (webtiles) character file.

Game seed: 17366837781634632569

64 Zaphkiel the Firebug (level 3, -1/27 HPs)
             Began as a Draconian Fire Elementalist on July 23, 2023.
             Slain by a gnoll
             ... wielding a +2 halberd of venom
              (5 damage)
             ... on level 3 of the Dungeon.
             The game lasted 00:26:39 (1309 turns).

Zaphkiel the Firebug (Draconian Fire Elementalist)  Turns: 1309, Time: 00:26:40

Health: -1/27      AC:  6    Str: 10    XL:     3   Next: 91%
Magic:  2/6        EV: 12    Int: 23    God:
Gold:   48         SH:  0    Dex: 11    Spells: 5/6 levels left

rFire   . . .        c - +1 club (spect)
rCold   . . .        (no shield)
rNeg    . . .        (body armour unavailable)
rPois   .            (helmet restricted)
rElec   .            q - scarf {repulsion}
rCorr   .            (no gloves)
SInv    .            e - +0 pair of boots
Will    +....        (no amulet)
Stlth   ++           h - ring of willpower
HPRegen 0.24/turn    k - +6 ring of intelligence
MPRegen 0.10/turn

%: repel missiles
@: no status effects
A: AC +5, unfitting armour, cold-blooded
a: no special abilities


You were on level 3 of the Dungeon.
You visited 1 branch of the dungeon, and saw 3 of its levels.

You collected 48 gold pieces.

Inventory:

Hand Weapons
 c - a +1 spectral club (weapon)
 m - a +0 quarterstaff
Armour
 e - a +0 pair of boots (worn)
 n - a +0 robe
 p - a +0 pair of boots
 q - a scarf of repulsion (worn)
Jewellery
 h - a ring of willpower (left hand)
 k - a +6 ring of intelligence (right hand)
Scrolls
 g - a scroll of poison
 i - 3 scrolls of identify
 l - 3 scrolls of amnesia
 r - 2 scrolls of teleportation
 s - 3 scrolls of enchant weapon
Potions
 a - 3 potions of magic
 b - a potion of heal wounds {unknown}
 d - a potion of degeneration {unknown}
 f - 3 potions of curing {unknown}
 j - 2 potions of haste
 o - a potion of brilliance {unknown}
 t - 2 potions of resistance {unknown}


   Skills:
 + Level 0.4 Fighting
 + Level 1.4 Maces & Flails
 + Level 2.2 Dodging
 + Level 1.9 Stealth
 + Level 2.4 Spellcasting
 + Level 1.2 Conjurations
 + Level 3.6 Fire Magic


You had 5 spell levels left.
You knew the following spells:

 Your Spells              Type           Power      Damage    Failure   Level
a - Foxfire               Conj/Fire      56%        2x1d6     4%          1

Your spell library contained the following spells:

 Spells                   Type           Power      Damage    Failure   Level
 Scorch                   Fire           38%        2d7       4%          2
 Inner Flame              Hex/Fire       11%        N/A       17%         3
 Volatile Blastmotes      Fire/Tloc      22%        2d11      17%         3
 Flame Wave               Conj/Fire      14%        2d6       41%         4


Dungeon Overview and Level Annotations

Branches:
Dungeon (3/15)

Altars:

Shops:
D:1 (:

Annotations:
D:1 1 exclusion


Innate Abilities, Weirdness & Mutations

Your plain brown scales are hard. (AC +5)
You cannot fit into any form of body armour.
You are cold-blooded and may be slowed by cold attacks.


Message History

Casting: Foxfire (safe; 4% risk of failure)
Confirm with . or Enter, or press ? or * to list all spells.
There is not enough space to conjure foxfire!
You hit the gnoll.
The gnoll is severely wounded.
The gnoll barely misses you. The gnoll closely misses you.
The gnoll completely misses you. The gnoll hits you with a +0 club.
* * * LOW HITPOINT WARNING * * *
Your foxfire dissipates!
The gnoll attacks as you move away! The gnoll closely misses you.
Casting: Foxfire (safe; 4% risk of failure)
Confirm with . or Enter, or press ? or * to list all spells.
You conjure some foxfire!
The gnoll hits you but does no damage.
You hit the gnoll but do no damage.
You tail-slap the gnoll, but do no damage.
The gnoll is severely wounded.
The gnoll completely misses you. The gnoll barely misses you.
Your foxfire dissipates!
The gnoll attacks as you move away! The gnoll hits you with a +0 club.
* * * LOW HITPOINT WARNING * * *
Found a scroll labelled KUS HE ISSUNWU.
Casting: Foxfire (safe; 4% risk of failure)
Confirm with . or Enter, or press ? or * to list all spells.
You conjure some foxfire!
The gnoll barely misses you.
Your foxfire dissipates!
The foxfire hits the gnoll.
The gnoll is almost dead.
Casting: Foxfire (safe; 4% risk of failure)
Confirm with . or Enter, or press ? or * to list all spells.
You conjure some foxfire!
The gnoll hits you from afar with a +2 halberd of venom.
* * * LOW HITPOINT WARNING * * *
The foxfire hits the gnoll.
You kill the gnoll!
The foxfire hits the gnoll but does no damage.
Casting: Foxfire (safe; 4% risk of failure)
Confirm with . or Enter, or press ? or * to list all spells.
You conjure some foxfire!
The gnoll hits you from afar with a +2 halberd of venom.
You die...

#...# #...## #<†..#
#..#.### # #..#...# ..
#..###.# #..#
...###.############...##
........)....g.v§....?..
##.####.######gv@.......
.# #.# #......####.#
.......#.#.##
##(...........
#######...##.. ...## ...
..#.. ## .....


You could see 2 gnolls.

Vanquished Creatures
  2 gnolls (D:3)
  3 ball pythons (D:1)
  4 endoplasms
  3 giant cockroaches
  6 goblins
  4 hobgoblins
  4 kobolds
  A quokka (D:2)
  4 bats
  5 frilled lizards
  7 rats
43 creatures vanquished.

Vanquished Creatures (others)
  16 foxfires
16 creatures vanquished.

Grand Total: 59 creatures vanquished

Notes
Turn   | Place    | Note
-------+----------+-------------------------------------------
     0 | D:1      | Zaphkiel the Draconian Fire Elementalist began the quest
                  | for the Orb.
     0 | D:1      | Reached XP level 1. HP: 14/14 MP: 3/3
   170 | D:1      | Reached XP level 2. HP: 20/20 MP: 3/5
   284 | D:1      | Found Yvuxaos's Weapon Boutique.
   546 | D:1      | Found Cyram's Vocational Training.
   729 | D:2      | Found a faded altar of an unknown god.
   832 | D:2      | Reached XP level 3. HP: 26/26 MP: 4/6
  1194 | D:2      | Reached skill level 1 in Maces & Flails
  1309 | D:3      | Slain by a gnoll

Illustrated notes

Levels and vault maps discovered:
D:1:      heliophobic_arrival_battle_scene, layout_basic, serial_shops,
          nicolae_shop_bloodbath_and_beyond, minmay_misc_feat_plants,
          nicolae_shop_vocational
D:2:      layout_basic, ebering_ecumenical_altar_mist, minmay_heptomino_h4
D:3:      layout_rooms, uniq_grinder, uniq_sigmund, uniq_crazy_yiuf_cottage

Skill      XL: |  1  2  3 |
---------------+----------+-----
Dodging        | 2 |  2.2
Maces & Flails | 1 |  1.4
Fighting       | |  0.4
Stealth        | |  1.9
Spellcasting   | |  2.4
Conjurations   | |  1.2
Fire Magic     | |  3.6

Action                     || total
---------------------------++-------
  Melee: Unarmed           ||    17
         Club              ||    79
         Tailslap          ||     8
         Punch             ||     2
   Cast: Foxfire           ||    16
    Use: Scroll            ||     8
   Stab: Sleeping          ||     2
 Armour: Skin              ||    35
  Dodge: Dodged            ||    83
